 Dungeon Crawl Stone Soup version 0.21.1-1-g345015f (webtiles) character file.

2646 empire the Carver (level 9, -2/71 HPs)
             Began as a Minotaur Fighter on Apr 16, 2018.
             Was a Priest of Cheibriados.
             Shot with a bolt by an orc warrior (20 damage)
             ... in a bailey.
             The game lasted 00:15:47 (5790 turns).

empire the Carver (Minotaur Fighter)                Turns: 5790, Time: 00:15:48

Health: -2/71      AC:  9    Str: 28    XL:     9   Next: 36%
Magic:  12/12      EV: 13    Int: 12    God:    Cheibriados [***...]
Gold:   240        SH: 12    Dex: 20    Spells: 8/8 levels left

rFire    . . .     SeeInvis .   a - +1 long sword (holy)
rCold    . . .     Gourm    .   c - +0 shield
rNeg     . . .     Faith    .   d - +0 scale mail
rPois    .         Spirit   .   (helmet restricted)
rElec    .         Reflect  .   (no cloak)
rCorr    .         Harm     .   j - +1 pair of gloves
MR       .....                  (no boots)
Stlth    ..........             (no amulet)
HPRegen  0.21/turn              (no ring)
MPRegen  0.13/turn              (no ring)

@: about to teleport, very slow
A: retaliatory headbutt, horns 2
a: Bend Time, Temporal Distortion, Renounce Religion


You were in a bailey.
You worshipped Cheibriados.
Cheibriados was most pleased with you.
You were hungry.

You visited 2 branches of the dungeon, and saw 8 of its levels.
You also visited: Bailey.

You collected 240 gold pieces.

Inventory:

Hand Weapons
 a - a +1 long sword of holy wrath (weapon)
 b - a cursed -2 arbalest
 i - a +2 falchion of electrocution
 C - a +2 mace
 D - a +3 mace
 E - a +0 hand axe of freezing
Missiles
 u - 168 bolts
Armour
 c - a +0 shield (worn)
 d - a +0 scale mail (worn)
 j - a +1 pair of gloves (worn)
Jewellery
 x - an uncursed ring of fire
 z - a cursed ring of teleportation
 B - a cursed ring of see invisible
Wands
 G - a wand of paralysis (16)
Scrolls
 k - a scroll of enchant armour
 l - a scroll of amnesia
 n - a scroll of fear
 o - 2 scrolls of enchant weapon
 p - a scroll of teleportation
 s - 3 scrolls of remove curse
Potions
 e - a potion of degeneration {unknown}
 g - a potion of flight {unknown}
 h - 3 potions of cancellation
 m - 2 potions of curing
 q - a potion of lignification {unknown}
 r - a potion of brilliance
 t - a potion of resistance {unknown}
 v - a potion of magic {unknown}
 F - a potion of berserk rage
 I - a potion of ambrosia {unknown}
Books
 w - a book of Misfortune

   Spells                             Type                      Level
   a - Confusing Touch                Hexes                        1
   b - Confuse                        Hexes                        3
   c - Gell's Gravitas                Translocation                3
   d - Petrify                        Transmutation/Earth          4
   e - Metabolic Englaciation         Hexes/Ice                    5
   f - Yara's Violent Unravelling     Hexes/Transmutation          5
 y - a book of Cantrips

   Spells                             Type                      Level
   a - Confusing Touch                Hexes                        1
   b - Animate Skeleton               Necromancy                   1
   c - Summon Small Mammal            Summoning                    1
   d - Apportation                    Translocation                1
Comestibles
 f - 13 rations


   Skills:
 - Level 4.0 Fighting
 + Level 9.2 Long Blades
 + Level 5.9 Armour
 - Level 6.0 Dodging
 + Level 5.9 Shields
 + Level 6.5 Invocations


You had 8 spell levels left.
You didn't know any spells.

Dungeon Overview and Level Annotations

Branches:
Dungeon (7/15)             Temple (1/1) D:4

Altars:
Ashenzari
Cheibriados
Dithmenos
Elyvilon
Fedhas
Hepliaklqana
Kikubaaqudgha
Makhleb
Nemelex Xobeh
Okawaru
Qazlal
Ru
Sif Muna
Trog
Uskayaw
Vehumet
Wu Jian
Yredelemnul
Zin
The Shining One


Innate Abilities, Weirdness & Mutations

You reflexively headbutt those who attack you in melee.
You have a pair of horns on your head.


Message History

The orc warrior shoots a bolt.
The bolt misses you.
The orc shoots a bolt.
You block the bolt. The orc closely misses you.
You see here a bolt.
The orc warrior shoots a bolt.
You block the bolt.
You see here 2 bolts.
The orc hits you from afar with a halberd!
The orc shoots a bolt.
You block the bolt. You block the orc's attack.
The orc shoots a bolt.
You block the bolt.
You see here a bolt.
The orc warrior shoots a bolt.
The bolt barely misses you.
The orc hits you from afar with a halberd!
* * * LOW HITPOINT WARNING * * *
As you read the scroll labeled JYEHYCWIEZO, it crumbles to dust.
It is a scroll of enchant armour.
Your +0 pair of gloves glows green for a moment.
The orc warrior shoots a bolt.
The bolt barely misses you. The orc closely misses you.
As you read the scroll of teleportation, it crumbles to dust.
You feel strangely unstable.
The orc warrior shoots a bolt.
The bolt hits you!!
You die...

#.......≈≈≈≈≈........
#......≈≈#.#≈≈.......
#......≈##.##≈.......
#......≈..^..≈.......
#......≈##.∩#≈.......
#.....[≈≈#.#≈≈......#
#.......≈≈≈≈≈....####
#..(............##
#...@..........##
#...(.o........#
#..)..........##
#..)..........#
#......(......#
#...))..(.....#
#........(o...# ##
#........(o...##..#
#..........(......#


You could see an orc warrior and 2 orcs.

Vanquished Creatures
  Prince Ribbit (D:5)
  A hippogriff (D:7)
  The ghost of MMS21 the Slasher, an amateur HuBe of Trog (D:4)
  A water moccasin (D:3)
  4 orc warriors
  An ice beast (D:5)
  A sky beast (D:6)
  A phantom (D:6)
  3 ogres
  The ghost of Totori the Ducker, an amateur MfWn (D:3)
  A bullfrog (D:5)
  Blork the orc (D:6)
  5 wights (D:6)
  A crimson imp (D:6)
  A centaur zombie (D:6)
  A jelly (D:7)
  An iguana (D:5)
  2 orc priests
  A bullfrog skeleton (D:6)
  2 centaur skeletons
  A hound (D:5)
  2 orc wizards
  5 worker ants
  A hound skeleton (D:5)
  7 adders
  An ooze (D:3)
  3 adder skeletons
  3 worms (D:2)
  3 dart slugs
  6 leopard geckos
  23 orcs
  A ball python (D:4)
  7 bats
  3 giant cockroaches
  15 goblins
  10 hobgoblins
  2 jackals (D:1)
  2 quokkas
  A ball python skeleton (D:5)
  12 frilled lizards
  2 kobolds
  3 rats
144 creatures vanquished.

Notes
Turn   | Place    | Note
-------+----------+-------------------------------------------
     0 | D:1      | empire the Minotaur Fighter began the quest for the Orb.
     0 | D:1      | Reached XP level 1. HP: 19/19 MP: 0/0
   127 | D:1      | Reached XP level 2. HP: 27/27 MP: 1/1
   425 | D:1      | Reached skill level 1 in Dodging
   675 | D:1      | Reached XP level 3. HP: 33/33 MP: 2/2
   839 | D:2      | Reached skill level 3 in Long Blades
  1225 | D:2      | Reached XP level 4. HP: 40/40 MP: 3/3
  1579 | D:3      | Noticed Totori's ghost (amateur MfWn)
  1589 | D:3      | Found an iron altar of Okawaru.
  1606 | D:3      | Killed Totori's ghost
  1606 | D:3      | Reached skill level 4 in Long Blades
  1606 | D:3      | Reached XP level 5. HP: 46/46 MP: 4/4
  1691 | D:3      | Noticed a water moccasin
  1712 | D:3      | Killed a water moccasin
  1712 | D:3      | Reached XP level 6. HP: 35/52 MP: 5/5
  1906 | D:3      | Found a snail-covered altar of Cheibriados.
  1925 | D:3      | Became a worshipper of Cheibriados the Contemplative
  2200 | D:4      | Reached skill level 1 in Invocations
  2230 | D:4      | Found a staircase to the Ecumenical Temple.
  2242 | Temple   | Entered the Ecumenical Temple
  2412 | D:4      | Reached skill level 5 in Long Blades
  2634 | D:4      | Noticed MMS21's ghost (amateur HuBe)
  2643 | D:4      | Killed MMS21's ghost
  2643 | D:4      | Reached XP level 7. HP: 57/59 MP: 6/8
  2651 | D:4      | Reached skill level 6 in Long Blades
  2666 | D:4      | Reached * piety under Cheibriados
  3424 | D:5      | Entered Level 5 of the Dungeon
  3502 | D:4      | Reached skill level 7 in Long Blades
  3598 | D:5      | Reached XP level 8. HP: 56/66 MP: 10/10
  3610 | D:5      | Found a deep blue altar of Sif Muna.
  3744 | D:5      | Noticed Prince Ribbit
  3754 | D:5      | Killed Prince Ribbit
  3754 | D:5      | Reached skill level 8 in Long Blades
  3754 | D:5      | Reached skill level 5 in Invocations
  3767 | D:5      | Found a shattered altar of Ashenzari.
  3787 | D:5      | Reached ** piety under Cheibriados
  3896 | D:6      | Noticed Blork the orc
  3898 | D:6      | Reached skill level 5 in Dodging
  3907 | D:6      | Killed Blork the orc
  4089 | D:6      | Reached skill level 5 in Armour
  4126 | D:6      | Reached skill level 5 in Shields
  4151 | D:6      | Reached XP level 9. HP: 11/71 MP: 12/12
  4665 | D:7      | Reached *** piety under Cheibriados
  4675 | D:7      | Reached skill level 9 in Long Blades
  4720 | D:7      | Found a flagged portal.
  4729 | Bailey   | Entered a bailey
  5790 | Bailey   | Shot with a bolt by an orc warrior

Skill      XL: |  1  2  3  4  5  6  7  8  9 |
---------------+----------------------------+-----
Dodging        | 1 2 3 4 5 6 |  6.0
Armour         | 4 5 |  5.9
Fighting       | 4 |  4.0
Shields        | 4 5 |  5.9
Long Blades    | 3 4 5 7 8 9 |  9.2
Invocations    | 2 4 6 |  6.5

Action                   |  1- 3 |  4- 6 |  7- 9 || total
-------------------------+-------+-------+-------++-------
Melee: Long sword        |   100 |    75 |   213 ||   388
       Headbutt          |    13 |    19 |    63 ||    95
Evoke: Wand              |       |       |     1 ||     1
  Use: Potion            |       |     1 |     5 ||     6
       Scroll            |       |       |    16 ||    16
  Eat: Chunk             |     1 |     5 |     4 ||    10
Armor: Scale mail        |    32 |    29 |    71 ||   132
Dodge: Dodged            |    29 |    32 |   125 ||   186
Block: Shield            |    56 |    47 |   173 ||   276
       Rpst.: Long sword |     9 |    11 |    32 ||    52
